 Dungeon Crawl Stone Soup version 0.23.1 (webtiles) character file.

Game seed: 0

351 Lusmu the Grave Robber (level 6, -1/52 HPs)
             Began as a Ghoul Necromancer on Mar 14, 2019.
             Killed from afar by a dart slug (4 damage)
             ... with a slug dart
             ... on level 3 of the Dungeon on Mar 15, 2019.
             The game lasted 00:23:24 (5373 turns).

Lusmu the Grave Robber (Ghoul Necromancer)          Turns: 5373, Time: 00:23:26

Health: -1/52      AC:  2    Str: 12    XL:     6   Next: 61%
Magic:  9/9        EV: 12    Int: 12    God:
Gold:   132        SH:  0    Dex:  9    Spells: 5/10 levels left

rFire    . . .     SeeInvis .   t - +1 whip (drain)
rCold    + . .     Gourm    .   (no shield)
rNeg     + + +     Faith    .   a - +0 robe
rPois    ∞         Spirit   .   (no helmet)
rElec    .         Reflect  .   r - scarf {cloud immunity}
rCorr    .         Harm     .   (no gloves)
MR       .....                  (no boots)
Stlth    ++........             (no amulet)
HPRegen  0.00/turn              (no ring)
MPRegen  0.11/turn              (no ring)

@: rotting
A: rotting body, claws 1, carnivore, cold resistance 1, negative energy
resistance 3, inhibited regeneration, torment resistance, unbreathing
a: no special abilities


You were on level 3 of the Dungeon.
You were not hungry.

You visited 1 branch of the dungeon, and saw 3 of its levels.

You collected 132 gold pieces.

Inventory:

Hand Weapons
 t - a +1 whip of draining (weapon)
Missiles
 v - 6 tomahawks (quivered)
Armour
 a - a +0 robe (worn)
 f - a +1 ring mail of magic resistance
 l - a +0 ring mail
 r - a scarf of cloud immunity (worn)
Jewellery
 y - an uncursed ring of magical power
Scrolls
 b - a scroll of immolation {unknown}
 e - a scroll of amnesia
 g - a scroll of magic mapping {unknown}
 i - 2 scrolls of remove curse
 m - a scroll of noise
 n - a scroll of enchant weapon
 o - a scroll of teleportation {unknown}
 u - a scroll of blinking {unknown}
 x - a scroll of identify
Potions
 d - a potion of curing
 j - a potion of magic
 k - a potion of resistance {unknown}
 p - a potion of degeneration {unknown}
 q - 2 potions of brilliance {unknown}
 s - a potion of agility {unknown}
 w - a potion of lignification {unknown}
Comestibles
 c - 5 rations


   Skills:
 + Level 3.7 Fighting
 + Level 1.0 Maces & Flails
 - Level 1.7 Dodging
 - Level 2.1 Stealth
 - Level 2.4 Unarmed Combat
 + Level 2.8 Spellcasting
 + Level 5.3 Necromancy


You had 5 spell levels left.
You knew the following spells:

 Your Spells              Type           Power        Failure   Level  Hunger
a - Pain                  Necr           ##..         2%          1    #......
b - Animate Skeleton      Necr           N/A          2%          1    #......
c - Vampiric Draining     Necr           ##........   9%          3    ###....

Your spell library contained the following spells:

 Spells                   Type           Power        Failure   Level  Hunger
 Regeneration             Chrm/Necr      #.........   26%         3    ###....
 Animate Dead             Necr           N/A          28%         4    #####..


Dungeon Overview and Level Annotations

Branches:
Dungeon (3/15)

Altars:
Cheibriados

Annotations:
D:2 1 runed translucent door, Crazy Yiuf
D:3 Grinder


Innate Abilities, Weirdness & Mutations

Your body is rotting away.
You thrive on raw meat.
You are immune to poison.
You have sharp fingernails.
You are carnivorous and can eat meat at any time.
Your flesh is cold resistant. (rC+)
You are immune to negative energy. (rN+++)
You do not regenerate when monsters are visible.
You are immune to unholy pain and torment.
You can survive without breathing.


Message History

The rat bites you.
* * * LOW HITPOINT WARNING * * *
You can move again.
The bat barely misses you.
A dart slug comes into view.
The bat barely misses you.
Found a stone staircase leading up.
The bat hits you but does no damage. The bat barely misses you.
The bat hits you but does no damage. The bat misses you.
The rat bites you but does no damage. The bat closely misses you.
There is a stone staircase leading up here.
The bat misses you. The rat bites you.
* * * LOW HITPOINT WARNING * * *
The bat hits you.
* * * LOW HITPOINT WARNING * * *
The dart slug launches a dart at you. The slug dart hits you.
You die...

########## #........# #........#
####### #........#. ......#
#..@.w..... ......# #.br.......
...[..##### #..........
..........####5........##########
##......#......###....##........#
#.............# ...##.........#
#.....######.......##......>....
#.....# ##.##..##............
#.....# ##.# ##....###.)####


You could see Grinder, a dart slug, a bat and a rat.

Vanquished Creatures
  2 orc priests (D:3)
  Jessica (D:2)
  Natasha (thrice) (D:2)
  7 gnolls
  4 adders
  An ooze (D:3)
  A worm (D:1)
  2 leopard geckos
  4 orcs
  3 ball pythons
  3 bats
  3 giant cockroaches
  7 goblins
  15 hobgoblins
  6 jackals (D:1)
  A frilled lizard (D:3)
  8 kobolds
  5 rats
76 creatures vanquished.

Vanquished Creatures (collateral kills)
  A goblin (D:1)
  A jackal (D:1)
  A bat (D:1)
  A bush (D:2)
  A plant (D:2)
5 creatures vanquished.

Grand Total: 81 creatures vanquished

Notes
Turn   | Place    | Note
-------+----------+-------------------------------------------
     0 | D:1      | Lusmu the Ghoul Necromancer began the quest for the Orb.
     0 | D:1      | Reached XP level 1. HP: 14/14 MP: 2/2
   127 | D:1      | Learned a level 1 spell: Animate Skeleton
   418 | D:1      | Reached XP level 2. HP: 18/22 MP: 0/3
   458 | D:1      | Reached skill level 1 in Unarmed Combat
   551 | D:1      | Reached skill level 1 in Fighting
   658 | D:1      | Found a snail-covered altar of Cheibriados.
  1579 | D:1      | Reached XP level 3. HP: 6/28 MP: 1/4
  1840 | D:2      | Noticed Natasha
  2341 | D:2      | HP: 1/29 [Natasha (4)]
  2345 | D:2      | Killed Natasha
  2345 | D:2      | Reached XP level 4. HP: 33/36 MP: 1/5
  2359 | D:2      | Noticed Natasha
  2425 | D:2      | Killed Natasha
  2442 | D:2      | Learned a level 3 spell: Vampiric Draining
  3026 | D:2      | Noticed Natasha
  3027 | D:2      | Noticed Jessica
  3052 | D:2      | Killed Natasha
  3052 | D:2      | Reached XP level 5. HP: 28/44 MP: 0/7
  3179 | D:2      | Killed Jessica
  3245 | D:2      | Reached skill level 5 in Necromancy
  3741 | D:2      | Found a runed translucent door.
  3742 | D:2      | Noticed Crazy Yiuf
  4291 | D:3      | Reached XP level 6. HP: 46/49 MP: 8/8
  5077 | D:3      | Noticed Grinder
  5130 | D:3      | Reached skill level 1 in Maces & Flails
  5264 | D:3      | Paralysed by Grinder for 3 turns
  5359 | D:3      | Paralysed by Grinder for 7 turns
  5373 | D:3      | Killed from afar by a dart slug

Skill      XL: |  1  2  3  4  5  6 |
---------------+-------------------+-----
Unarmed Combat | 1 2 |  2.4
Fighting       | 1 2 3 |  3.7
Spellcasting   | 2 |  2.8
Necromancy     | 5 |  5.3
Maces & Flails | 1 |  1.0
Dodging        | |  1.7
Stealth        | |  2.1

Action                   |  1- 3 |  4- 6 || total
-------------------------+-------+-------++-------
Melee: Unarmed           |    98 |   166 ||   264
       Punch             |       |     4 ||     4
       Whip              |       |    59 ||    59
 Cast: Pain              |    29 |    38 ||    67
       Animate Skeleton  |     3 |     2 ||     5
       Vampiric Draining |       |     4 ||     4
  Use: Scroll            |     6 |     4 ||    10
       Potion            |     1 |     1 ||     2
 Stab: Sleeping          |     3 |       ||     3
  Eat: Chunk             |     7 |    13 ||    20
Armor: Robe              |    17 |    23 ||    40
Dodge: Dodged            |    84 |   119 ||   203
